Map: Honorgrounds LE

Players

Railgan - Winner!

  • Race: Zerg Zerg
  • League: Grandmaster
  • Spawn Location: 11:00

Voltz

  • Race: Zerg Zerg
  • League: Grandmaster
  • Spawn Location: 7:00

VOD

Have the link to the VOD?

Description

Time

  • Played on: Feb. 22, 2017, 6:25 p.m.
  • Length: 4:59
Show
View Real Time Build Order
Export as new Build Order

Railgan Zerg - Winner!

Build Orders: Pool Only, Zergling Baneling 

Get SALT Encoding   

  12  0:01  Drone  
  13  0:15  Extractor  
  12  0:27  Spawning Pool  
  11  0:29  Drone  
  11  0:34  Drone  
  13  0:37  Drone  
  14  0:48  Overlord  
  14  1:13  Zergling x2  
  14  1:14  Zergling x4  
  14  1:15  Queen  
  19  1:26  Metabolic Boost  
  19  1:30  Zergling x2  
  20  1:37  Zergling x2  
  21  1:49  Baneling Nest  
  21  1:54  Overlord  
  20  2:01  Zergling x2  
  21  2:08  Zergling x2  
  22  2:20  Zergling x2  
  23  2:29  Zergling x4  
  25  2:30  Zergling x2  
  25  2:34  Baneling x4  
  26  2:41  Baneling  
  26  2:42  Zergling x2  
  27  2:52  Zergling x2  
  22  3:08  Zergling x8  
  21  3:18  Zergling x2  
  15  3:28  Zergling x2  
  16  3:41  Zergling x2  
  17  3:51  Baneling  
  17  3:52  Baneling  
  17  3:53  Zergling x2  
  18  4:00  Zergling x2  
  19  4:09  Zergling x2  
  18  4:14  Baneling  
  18  4:22  Zergling x2  
  19  4:29  Zergling x2  
Show
View Real Time Build Order
Export as new Build Order

Voltz Zerg 

Build Orders: Pool First 

Get SALT Encoding   

  12  0:00  Drone  
  13  0:14  Extractor  
  12  0:24  Spawning Pool  
  11  0:29  Drone  
  11  0:34  Drone  
  13  0:39  Drone  
  14  0:51  Overlord  
  14  1:12  Zergling x2, Queen  
  17  1:19  Metabolic Boost  
  17  1:24  Zergling x2  
  18  1:27  Zergling x2  
  19  1:34  Overlord  
  19  1:39  Zergling x2  
  20  1:45  Zergling x2  
  21  1:57  Zergling x2  
  22  2:07  Zergling x2  
  23  2:13  Hatchery  
  22  2:17  Zergling x2  
  22  2:22  Zergling x2  
  24  2:25  Zergling x2  
  24  2:29  Zergling x2  
  26  2:33  Zergling x2  
  27  2:43  Zergling x2  
  27  2:52  Zergling x4  
  27  2:57  Zergling x2  
  27  2:58  Zergling x2  
  20  3:18  Drone  
  16  3:27  Drone x2  
  18  3:37  Zergling x2  
  18  3:40  Zergling x2  
  20  3:47  Zergling x2  
  21  3:49  Zergling x2  
  22  3:58  Queen  
  24  4:09  Zergling x4  
  20  4:11  Zergling x2  
  20  4:15  Zergling x2  
  22  4:23  Zergling x2  
  21  4:32  Zergling x2  
Tags
 
Add a new tag
Caveats
  • Supply blocks, unpowered buildings, or Contaminate may cause inaccurate times.
  • Supply counts are checked every 10 seconds.